 Dungeon Crawl Stone Soup version 0.30.1-11-g7821555f0a (webtiles) character file.

Game seed: 14742599930537604816

10718 Nonny the Stormcaller (level 11, -1/81 HPs)
             Began as a Demigod Air Elementalist on Nov 18, 2023.
             Succumbed to their own poison gas
             ... on level 1 of the Orcish Mines.
             The game lasted 01:13:07 (10536 turns).

Nonny the Stormcaller (Demigod Air Elementalist)   Turns: 10536, Time: 01:13:07

Health: -1/81      AC:  6    Str:  9    XL:     11   Next: 17%
Magic:  7/23       EV: 12    Int: 29    God:
Gold:   946        SH:  0    Dex: 14    Spells: 7/21 levels left

rFire   . . .        a - +5 whip (elec)
rCold   + . .        (no shield)
rNeg    + . .        i - +2 robe {Will+}
rPois   .            r - +0 helmet
rElec   .            G - scarf of Morality {harm, rC+ rN+}
rCorr   +            b - +0 pair of gloves
SInv    .            (no boots)
Will    ++...        (no amulet)
Stlth   ++           g - ring of resist corrosion
HPRegen 0.33/turn    (no ring)
MPRegen 0.18/turn

%: harm (+30% outgoing, +20% incoming)
@: lethally poisoned (-1 -> -10)
A: high MP 1, forlorn, divine attributes
a: no special abilities


You were on level 1 of the Orcish Mines.
You visited 3 branches of the dungeon, and saw 13 of its levels.
You also visited: Sewer.

You collected 1191 gold pieces.
You spent 245 gold pieces at shops.

Inventory:

Hand Weapons
 a - a +5 whip of electrocution (weapon)
 F - a +1 whip of flaming
Missiles
 d - 11 boomerangs
 q - 19 poisoned darts
 A - 8 curare-tipped darts
 H - 5 javelins
Armour
 b - a +0 pair of gloves (worn)
 i - a +2 robe of willpower (worn)
 r - a +0 helmet (worn)
 u - a +2 ring mail of cold resistance
 G - the scarf of Morality (worn) {harm, rC+ rN+}
   (You found it on level 9 of the Dungeon)

   rC:        It protects you from cold.
   rN:        It protects you from negative energy.
 I - +0 acid dragon scales
Magical Staves
 x - a staff of cold
 J - a staff of death
Jewellery
 g - a ring of resist corrosion (left hand)
 K - an amulet of guardian spirit
Wands
 y - a wand of light (12)
 B - a wand of digging (2)
 C - a wand of mindburst (9)
Scrolls
 j - 4 scrolls of poison
 o - 3 scrolls of fog
 p - 2 scrolls of teleportation
 L - a scroll of summoning
 M - a scroll of magic mapping
Potions
 c - a potion of invisibility
 e - 2 potions of curing
 f - a potion of magic
 h - 3 potions of lignification
 k - 4 potions of resistance
 l - a potion of mutation
 m - 3 potions of haste
 s - 2 potions of cancellation
 v - a potion of might
 w - 2 potions of flight {unknown}
 z - a potion of attraction {unknown}
 D - 2 potions of brilliance
 E - 2 potions of ambrosia


   Skills:
 + Level 2.8 Fighting
 - Level 0.4 Armour
 - Level 1.7 Dodging
 - Level 3.0 Stealth
 + Level 5.7 Spellcasting
 - Level 0.8 Conjurations
 * Level 1.0 Fire Magic
 - Level 15.0 Air Magic
 + Level 0.1 Evocations


You had 7 spell levels left.
You knew the following spells:

 Your Spells              Type           Power      Damage    Failure   Level
a - Shock                 Conj/Air       100%       1d9       1%          1
b - Static Discharge      Conj/Air       100%       2-7/arc   1%          2
c - Airstrike             Air            38%        2d(6-22)  1%          4
d - Swiftness             Air            76%        N/A       1%          3
e - Sticky Flame          Conj/Fire      13%        2d4       36%         4

Your spell library contained the following spells:

 Spells                   Type           Power      Damage    Failure   Level
 Beastly Appendage        Tmut           16%        N/A       6%          1
 Slow                     Hex            32%        N/A       6%          1
 Wereblood                Tmut           8%         N/A       9%          2
 Ignite Poison            Fire/Tmut/Pois 10%        N/A       16%         3
 Confusing Touch          Hex            8%         N/A       17%         3
 Spider Form              Tmut/Pois      8%         N/A       17%         3
 Vampiric Draining        Necr           8%         2d6       17%         3
 Ignition                 Fire           7%         3d4       100%        8


Dungeon Overview and Level Annotations

Branches:
Dungeon (10/15)            Temple (1/1) D:7             Orc (2/2) D:9
  Sewer (visited)
   Lair: D:8-11         Elf: Orc:2

Shops:
D:1 *   D:4 ?   D:7 *


Innate Abilities, Weirdness & Mutations

You have an increased reservoir of magic. (+10% MP)
You shall have no god before yourself.
Your divine heritage dramatically boosts your attributes as you level up.


Message History

Aiming: Shock (safe; 1% risk of failure)
Press: ? - help, Shift-Dir - straight line, f - orc warlord
Aim: an orc warlord, wielding a +1 long sword and wearing a +0 chain mail (81% to hit)
The zap hits the orc warlord but does no damage.
The orc warlord roars a battlecry!
You hear a shout! x2
Unknown command.
Unknown command.
Casting: Shock (safe; 1% risk of failure)
Confirm with . or Enter, or press ? or * to list all spells.
Aiming: Airstrike (safe; 1% risk of failure)
Press: ? - help, Dir - move target, f/p - orc warlord
Aim: an orc warlord, wielding a +1 long sword and wearing a +0 chain mail (empty space bonus: 7/8)
The air twists around and strikes the orc warlord!
The orc warlord is moderately wounded.
The orc warlord unwields a +1 long sword.
The orc warlord wields a +0 arbalest.
The orc warlord shoots a bolt.
The bolt hits you!!
Unknown command.
Unknown command.
Casting: Airstrike (safe; 1% risk of failure)
Confirm with . or Enter, or press ? or * to list all spells.
Aiming: Airstrike (safe; 1% risk of failure)
Press: ? - help, Dir - move target, f/p - orc warlord
Aim: an orc warlord, wielding a +0 arbalest and wearing a +0 chain mail (lightly wounded, empty space bonus: 7/8)
The air twists around and strikes the orc warlord!!
The orc warlord is heavily wounded.
You hear a shout! x2
The orc warlord shoots a bolt.
The bolt hits you!!
* * * LOW HITPOINT WARNING * * *
Unknown command.
Okay, then.
Blink to where?
Press: ? - help, Dir - move target, p - orc warlord Really blink into that cloud of poison gas?
As you read the scroll of blinking, it crumbles to dust.
You are engulfed in poison gas.
You are poisoned.
* * * LOW HITPOINT WARNING * * *
You die...

##§#§§#§§§§§§####
#§§§§§§§§§§§§##.##
##§§§§§§§§§§§§§..#
##§#§§§§§§§§§##..##
#.§§§§§§#§§§§#....#
##§§§§§##§§§§§§..##
#§§§§#§..§§#§§§.##
##§§§§§...#§§§§.##
#§§§§§@..##§§§§..####
##.##.#.####..#.###.#
#####.## #...###)##
##.## ##.###.## ##.##
####.## ##.## ##.##
##.###)## ##.#.##
##)##


There were no monsters in sight!

Vanquished Creatures
  A two-headed ogre (D:9)
  An orc sorcerer (Orc:1)
  4 molten gargoyles (D:9)
  A gargoyle (D:10)
  2 trolls (D:9)
  3 polar bears (D:8)
  A hornet (D:10)
  A shadow (D:10)
  A vampire (D:9)
  A yak (D:8)
  2 wyverns
  2 wraiths (D:10)
  An unseen horror simulacrum (D:8)
  2 steam dragons
  Menkaure (D:7)
  2 acid dragons
  The ghost of Angrytalen2 the Trooper, an amateur GrMo of Fedhas (D:4)
  A water moccasin (D:8)
  6 orc warriors
  Pargi (Sewer)
  A sky beast (D:7)
  A black bear (D:5)
  5 ice beasts
  2 wolves (D:8)
  4 ogres
  A centaur (D:6)
  4 kobold brigands
  3 bullfrogs
  3 scorpions
  17 wights
  4 killer bees (D:9)
  An electric eel (D:8)
  A howler monkey (D:4)
  A lava snake (D:9)
  5 hounds
  15 orc priests
  A sleepcap (D:7)
  3 iguanas
  17 orc wizards
  3 centaur simulacra (D:8)
  Robin (D:4)
  7 adders
  4 gnolls (D:3)
  2 white imps
  4 ufetubi
  A worm (D:3)
  A dart slug (D:1)
  47 orcs
  3 endoplasms
  4 giant cockroaches
  20 goblins
  7 hobgoblins
  4 jackals (D:1)
  3 quokkas
  9 ball pythons
  4 bats
  6 frilled lizards
  21 kobolds
  7 rats
282 creatures vanquished.

Notes
Turn   | Place    | Note
-------+----------+-------------------------------------------
     0 | D:1      | Nonny the Demigod Air Elementalist began the quest for the
                  | Orb.
     0 | D:1      | Reached XP level 1. HP: 14/14 MP: 5/5
    30 | D:1      | Starting vault: metal grid.
   178 | D:1      | Reached skill level 3 in Air Magic
   283 | D:1      | Reached XP level 2. HP: 20/20 MP: 4/7
   291 | D:1      | Learned a level 2 spell: Static Discharge
   383 | D:1      | Found Niutzasu's Assorted Antiques.
   830 | D:2      | +2 robe of willpower
   955 | D:2      | Reached XP level 3. HP: 26/26 MP: 0/8
  1243 | D:2      | Noticed a scorpion
  1533 | D:3      | Reached skill level 4 in Air Magic
  1685 | D:3      | Found a glowing drain.
  1740 | Sewer    | Entered a sewer
  1747 | Sewer    | Reached XP level 4. HP: 26/34 MP: 4/9
  1865 | Sewer    | Noticed Pargi
  1894 | Sewer    | Killed Pargi
  1895 | Sewer    | Reached skill level 5 in Air Magic
  1895 | Sewer    | Reached XP level 5. HP: 39/39 MP: 4/10
  1901 | Sewer    | Learned a level 4 spell: Airstrike
  2269 | D:3      | Reached skill level 1 in Fighting
  2712 | D:4      | Found a transporter.
  2712 | D:4      | Noticed Angrytalen2's ghost (amateur GrMo)
  2715 | D:4      | Found a transporter.
  2910 | D:4      | Noticed an ogre
  2912 | D:4      | Killed an ogre
  2913 | D:4      | Reached XP level 6. HP: 47/47 MP: 6/12
  2913 | D:4      | One-shot an ogre with Airstrike. B)
  3143 | D:4      | Reached skill level 6 in Air Magic
  3150 | D:4      | Little stone wall vault contains trees in plus sign
                  | formation, accompanied by kobold with short sword and
                  | hound. Contains 12 gold pieces.
  3213 | D:4      | Noticed Robin
  3349 | D:4      | Killed Robin
  3637 | D:4      | Found Raosmascho's Magic Scroll Boutique.
  3646 | D:4      | Bought a scroll of blinking for 82 gold pieces
  3646 | D:4      | Bought a scroll of enchant weapon for 82 gold pieces
  3698 | D:4      | This game is generous with scroll of poison for some
                  | bizarre reason.
  3698 | D:4      | Ignite Poison is already on the spell list.
  3818 | D:5      | Entered Level 5 of the Dungeon
  3896 | D:5      | Reached XP level 7. HP: 52/52 MP: 3/15
  4053 | D:5      | Learned a level 3 spell: Swiftness
  4147 | D:5      | Reached skill level 7 in Air Magic
  4943 | D:6      | Reached skill level 8 in Air Magic
  4943 | D:6      | Reached XP level 8. HP: 48/59 MP: 3/17
  5309 | D:7      | staff of cold
  5343 | D:7      | Reached skill level 9 in Air Magic
  5451 | D:7      | Noticed Menkaure
  5460 | D:7      | Killed Menkaure
  5562 | D:7      | Reached skill level 10 in Air Magic
  5687 | D:6      | D:7 uphatch not viable for orbrun.
  5726 | D:7      | Found a staircase to the Ecumenical Temple.
  5735 | D:7      | Temple entrance: 4 bushes.
  5736 | Temple   | Entered the Ecumenical Temple
  5736 | Temple   | Found a transporter.
  5736 | Temple   | Found a transporter.
  5785 | Temple   | Found a transporter.
  5785 | Temple   | Found a transporter.
  5810 | Temple   | Temple: thinking with portals!
  5877 | D:7      | Found Fafro's Assorted Antiques.
  5885 | D:7      | Bought a fizzy inky potion for 25 gold pieces
  5885 | D:7      | Bought a scroll of identify for 56 gold pieces
  5999 | D:8      | Noticed a polar bear
  6002 | D:8      | Killed a polar bear
  6003 | D:8      | Reached XP level 9. HP: 59/64 MP: 5/18
  6007 | D:8      | Icy floor!
  6109 | D:8      | Reached skill level 11 in Air Magic
  6312 | D:8      | +1 whip of flaming, on an ice floor
  6676 | D:8      | Reached skill level 12 in Air Magic
  7000 | D:8      | Beware of unseen horror simulacra on this floor.
  7128 | D:8      | Noticed a death yak
  7135 | D:8      | Noticed a death yak
  7147 | D:8      | Death yaks in southwest.
  7290 | D:9      | Reached XP level 10. HP: 73/73 MP: 6/19
  7294 | D:9      | Reached skill level 13 in Air Magic
  7308 | D:9      | molten gargoyle
  7364 | D:9      | Noticed a two-headed ogre
  7438 | D:9      | Killed a two-headed ogre
  7742 | D:9      | Identified the scarf of Morality {harm, rC+ rN+}
  7858 | D:9      | Reached skill level 14 in Air Magic
  7990 | D:9      | Kobold brigand, wyvern, and acid dragon spawn in northwest.
  7995 | D:9      | Found a staircase to the Orcish Mines.
  8047 | D:9      | staff of death near unceremonious Orcish Mines entrance
  8497 | D:10     | Entered Level 10 of the Dungeon
  8902 | D:10     | Reached skill level 15 in Air Magic
  9449 | D:4      | Reached XP level 11. HP: 61/81 MP: 12/21
  9452 | D:4      | Killed Angrytalen2's ghost
  9626 | Orc:1    | Entered Level 1 of the Orcish Mines
  9831 | Orc:1    | Reached skill level 5 in Spellcasting
  9939 | Orc:1    | Learned a level 4 spell: Sticky Flame
 10096 | Orc:2    | Entered Level 2 of the Orcish Mines
 10123 | Orc:1    | Noticed an orc warlord
 10530 | Orc:1    | Reached skill level 1 in Fire Magic
 10536 | Orc:1    | HP: 2/81 [cloud of poison gas (9)]
 10536 | Orc:1    | Succumbed to their own poison gas

Illustrated notes .....#........... ....!......###### ...#...##..##..# #...##..##..###### #....##..##..##.....# ...#####..##..##.....# .# #..##..##.......# #..##<.##.......# ###.@##..##.....# #..##..##.[...# #..##..##.......# .....##..##.......# ###.........##.....# #...#####........# #... .......### #... ........# .........# Turn 30 on D:1: Starting vault: metal grid. #...†#...(...# #....#.......# ######.###†......### . ...............>....#.r. .#######.###............. .. #.# ###.........$! #.######.# #.#.#.._.... .[....#.# #.#.#....... ##.##.#.# #.#@#....... #§§§#.#.#####.#.#..#.w.. #§§§#.#.##....#.##.##... #§§##.#.##....#.# .. ... #§§§§§#.......#.# ## .. .##...#####...##.# ..............##.# #####.####.#####.# #..# #.# #.# Turn 830 on D:2: +2 robe of willpower ............# .........).# ..........# ..>...... #......# #......# #......# #..@...# #......# .... #......# #.... ###......######... #..####.........##### #.....#.........#...# #.....'.........#...# #.....#.........#...#. #.....#....†....#..)#. Turn 2913 on D:4: One-shot an ogre with Airstrike. B) ...# ..## ..# ..# ..# ..######### ####### .##...##..######.....# .#.............#.)♣..# .#.............'@♣♣♣.# .#.............#..♣..# .#....###...####.....# .#....####### ####### .#......# .#......# .#......# .#####'##+##### ## #.......... Turn 3150 on D:4: Little stone wall vault contains trees in plus sign formation, accompanied by kobold with short sword and hound. Contains 12 gold pieces. ...#.......#####.# #....#... ...#.............## #....#... ...#.....#.#####..# #....#... ...'.....#........# #....#... ...###..##.#####..## #########... '#########.........###!........## ...........#####....!'.........# .....................§≈≈≈≈≈≈...# ...........#####@....≈∩........# .....................≈≈≈≈≈≈≈...# ............###......#.........# ############# ########.........# ########### Turn 3698 on D:4: This game is generous with scroll of poison for some bizarre reason. .... #..........# #.....##.........# .###.....##..)<.....# .............)......# ...z.....##...###...# ....>....##...###...# ...................... ...................... #...@.............. #.....##...###...# ############ ...# ... . Turn 5309 on D:7: staff of cold ########### #.........# #.........# #..@......# #.........# #.........# #.........# ##.........# ##.(.)......# ## #......(....# .# #####.#.........# .#######........######## Turn 5687 on D:6: D:7 uphatch not viable for orbrun. ......##......##.. ......##......##'### ......#.......#....## ......#.......#.....# ......#.......#.....# ...[.)#.......#.....# #####[########......# ...##[### #.P.P..# ........# #..@...# .....[..# #.P.P.## .[<.....# #.....# .[......# ####### ..###...####### ..###...##....## ...............# ...............# ...............# Turn 5735 on D:7: Temple entrance: 4 bushes. ##...._....## #.........._# ##.._........## ##.............## ##...............## #..._...©.©.._..._# ##################### #........©8©........# #_........@.......<.# #........©8©........# ##################### #_.._...©.©.......# ##...............## ##..._...._....## ##...........## #.........._# ##...._....## Turn 5810 on Temple: Temple: thinking with portals! #...# #...# #...# +... #... #..# . ...###.F###.... ......†@....... ...>........... ............... ............... ........o...... ...#..#.#.....# ####.##.##o#### #. ... .5 Turn 6007 on D:8: Icy floor! ..................~~~≈≈~..... ................~~.~~~~~..... ...#..#.#.....##≈~~~.~~~.#### ####.##.##.#####~.......##### #. ...#..>.......#........ ##..........#........ .###...........#........ (..............#........ ....#.@.......#........ ##. #........##...##.## #######'###...# .# ........ . .....>... ... Turn 6312 on D:8: +1 whip of flaming, on an ice floor

≈~~).~~~.####..##.##.##'######
~...)...#####..##.##.##.####.##
....#..............#.....#....#
.)..#..............#.....#....#
....#..............#.....#....#
....#..............#.....')...#
....#..............'.....#)).##
...##...##.####...##.....#####
#'###...##.####.@.########
..............'..)...#
......>.....÷.#......#
.Z............#......#
.h............#.)....#
......####..###...##.# ..8...#
#..###...####
.............#.......#
.............#.......#


Turn 7000 on D:8: Beware of unseen horror simulacra on this floor.
#......#.........#........... ##.##.##........##...##.####.
#############'###...##.####. ##..............'. #.......>.....÷.#.
##...............#. #................#. #####........####..###. ##.....@..8...#
#..###. #....................#.. #....................#..
#....................#.. ######.....####..###.# #.# ##..........## ### #.##.#
##.....Y......... ...... ##......#......... ...... #..8....'.......... ......
Turn 7147 on D:8: Death yaks in southwest. .#.#. ........# ≈≈.#..###.......#...
§.#....#........##.. . ..#...........# #.#. #..9........# ##.#.##
#..........###... .## #..........#.##.# ..## ##..$...#.....##.##...#
#........@........<....# #...........###........# ..........^.# #....#####
..#.._.......#.......# # #...................# #....?.........##..##
................ ..# .........#.##... ... ## #.. .... Turn 7308 on D:9: molten
gargoyle ##### .. ##...##... #### #### #........# ##..###..# ##.÷......#
##.##.##.#####.......... #_##.##.##......#....... ###.##)##.##@...##......
#...#†..##...## ...... #########...###....... #.....#...........?...
##...###.....#........ #.........#.# .... ###......#..#.># ... #........##......
. ###.....##........ Turn 7990 on D:9: Kobold brigand, wyvern, and acid dragon
spawn in northwest. # ##.÷......##....# ####..............####
......#..............# ##....##.......>.....## ##...##...............##.
#...###.................. ..................#.#.... .....#..............# .
...#.##.........@...# #..#.>#............## ##..................##
#.................#..# ##..###..##..#.##.#......# ........>##.####........##
............. ....##.#...# ....... .... ...... .# ... #.#. #.#. ..#.##.... ..
Turn 8047 on D:9: staff of death near unceremonious Orcish Mines entrance

Levels and vault maps discovered:
D:1:      lightli_iron_boxes, layout_basic, serial_shops, shop
D:2:      layout_basic, basic_altar
D:3:      layout_basic, portal_sewer_entry_b
D:4:      layout_gridville, gammafunk_ghost_arena, serial_shops,
          nicolae_shop_peninsula, minmay_misc_feat_rows,
          kennysheep_generic_room_13, uniq_robin
D:5:      layout_basic
D:6:      layout_rooms, nicolae_overflow_crystal_walls
D:7:      layout_gridville, minmay_temple_entry_trees, serial_shops,
          nicolae_shop_dealshenge, uniq_menkaure
D:8:      layout_gridville, nicolae_wu_jian_immortal_techniques, serial_ice,
          serial_ice_j, serial_ice_a, serial_ice_g, serial_ice_h, serial_ice_m,
          serial_ice_c, serial_ice_e, serial_ice_o, serial_ice_n, serial_ice_d
D:9:      layout_cave_pools, marbit_many_paths,
          mainiacjoe_overflow_concentric_impassable, bloody_makhleb,
          orc_0_dummy, minivault_8
D:10:     layout_long_grid, zin_treasury, fedhas_altar_2,
          mainiacjoe_overflow_divided_tiny
Temple:   hellmonk_temple_divided_pantheon
Orc:1:    layout_caves, basic_altar
Orc:2:    st_orc_ogre_mass, layout_diamond_mine, uniq_azrael, uniq_nessos,
          uniq_maurice

Skill      XL: |  1  2  3  4  5  6  7  8  9 10 11 |
---------------+----------------------------------+-----
Air Magic      | 3 4 5 6 8 10 12 15 | 15.0
Stealth        | 2 3 |  3.0
Fighting       | 1 2 |  2.8
Spellcasting   | 2 3 4 5 |  5.7
Fire Magic     | 1 |  1.0
Armour         | |  0.4
Dodging        | |  1.7
Conjurations   | |  0.8
Evocations     | |  0.1

Action                     |  1- 3 |  4- 6 |  7- 9 | 10-12 || total
---------------------------+-------+-------+-------+-------++-------
  Melee: Unarmed           |    24 |       |       |       ||    24
         Punch             |     1 |       |       |     1 ||     2
         Short sword       |    18 |     9 |       |       ||    27
         Whip              |       |    31 |    39 |    32 ||   102
         Staff             |       |       |     2 |       ||     2
   Cast: Shock             |    67 |    80 |    46 |    41 ||   234
         Static Discharge  |    25 |    15 |    64 |    34 ||   138
         Airstrike         |       |     8 |    61 |    70 ||   139
         Swiftness         |       |       |     1 |       ||     1
  Evoke: Wand              |       |       |       |     3 ||     3
    Use: Scroll            |     3 |    11 |     8 |    10 ||    32
         Potion            |       |     1 |     3 |       ||     4
   Stab: Sleeping          |       |     4 |       |       ||     4
 Armour: Robe              |    16 |    21 |    39 |    11 ||    87
         Skin              |       |       |    10 |       ||    10
  Dodge: Dodged            |    48 |    57 |    76 |    41 ||   222
